 Dungeon Crawl Stone Soup version 0.24-a0-537-g2d01d4ab0a (webtiles) character file.

Game seed: 6808777716794228530

164 Chiseanne the Ducker (level 5, 0/28 HPs)
             Began as a Spriggan Monk on Aug 12, 2019.
             Was an Initiate of Gozag.
             Succumbed to a hornet's poison
             ... on level 7 of the Dungeon.
             The game lasted 00:10:27 (2985 turns).

Chiseanne the Ducker (Spriggan Monk)                Turns: 2985, Time: 00:10:28

Health: 0/28       AC:  2    Str:  7    XL:     5   Next: 21%
Magic:  7/7        EV: 22    Int: 12    God:    Gozag
Gold:   95         SH:  0    Dex: 19    Spells: 4/4 levels left

rFire    . . .     SeeInvis +   a - +3 dagger (pain)
rCold    + . .     Gourm    .   (shield restricted)
rNeg     . . .     Faith    .   b - +0 robe
rPois    .         Spirit   .   (helmet restricted)
rElec    .         Reflect  .   (no cloak)
rCorr    .         Harm     .   (gloves unavailable)
MR       .....                  (boots unavailable)
Stlth    +++.......             (no amulet)
HPRegen  0.09/turn              m - ring of protection from cold
MPRegen  0.10/turn              (no ring)

@: lethally poisoned (0 -> -12), about to teleport, slowed, quick
A: very small, unfitting armour, see invisible, herbivore, speed 3, slow
metabolism 2
a: Potion Petition, Call Merchant, Bribe Branch, Renounce Religion


You were on level 7 of the Dungeon.
You worshipped Gozag.
Gozag was noncommittal.
You were not hungry.

You visited 2 branches of the dungeon, and saw 8 of its levels.

You collected 95 gold pieces.

Inventory:

Hand Weapons
 a - a +3 dagger of pain (weapon)
 k - a +0 hand crossbow
Missiles
 h - 10 arrows
Armour
 b - a +0 robe (worn)
Jewellery
 m - a ring of protection from cold (left hand)
Scrolls
 e - a scroll of immolation
 f - 4 scrolls of remove curse
 g - 5 scrolls of identify
 j - a scroll of fog
Potions
 d - 2 potions of lignification
 i - 3 potions of curing
 l - 2 potions of flight
Comestibles
 c - 6 rations


   Skills:
 * Level 3.5 Fighting
 - Level 3.2 Short Blades
 * Level 6.3 Dodging
 - Level 3.9 Stealth
   Level 2.2 Evocations


You had 4 spell levels left.
You didn't know any spells.
Your spell library was empty.

Dungeon Overview and Level Annotations

Branches:
Dungeon (6/15)             Temple (1/1) D:6

Altars:
Cheibriados
Dithmenos
Elyvilon
Fedhas
Gozag
Hepliaklqana
Kikubaaqudgha
Makhleb
Nemelex Xobeh
Okawaru
Qazlal
Trog
Uskayaw
Vehumet
Wu Jian
Zin
The Shining One

Annotations:
D:5 Prince Ribbit


Innate Abilities, Weirdness & Mutations

You are very small and have problems with some larger weapons.
You are too small for most types of armour.
You have supernaturally acute eyesight. (SInv)
You are a herbivore.
You cover ground extremely quickly.
You need to consume almost no food.


Message History

You hit the adder.
You kill the adder!
You now have 95 gold pieces (gained 5).
l - 2 potions of flight (gained 1)
A hornet comes into view.
The hornet buzzes angrily.
You hear a shout!
An ogre comes into view. It is wielding a +0 giant spiked club.
A black bear and a two-headed ogre come into view.
The two-headed ogre shouts in stereo!
The black bear growls angrily.
The ogre shouts!
The hornet stings you!
You are poisoned.
You feel yourself slow down.
You feel sick. The hornet stings you!
* * * LOW HITPOINT WARNING * * *
You feel as though you will be slow longer.
As you read the scroll of teleportation, it crumbles to dust.
You feel strangely unstable.
You die...
Your body crumbles into a pile of gold.

#≈ #..........###
#≈# #............#
#≈.##.......#h..h.h
#≈...........##....
#≈≈≈.....hO..# #..
#≈....O....# #
##≈.........#
##≈≈.........####
##≈≈..@...........
#≈≈...y...........
#≈...######.......
#≈...# #.......
#≈...# ...(...
#≈#### ....... #≈≈
....... #≈ #######
#


You could see a two-headed ogre, a hornet, a black bear and an ogre.

Vanquished Creatures
  A scorpion (D:6)
  3 adders
  A howler monkey skeleton (D:6)
  A shadow imp (D:5)
  A worm (D:2)
  2 dart slugs (D:1)
  5 leopard geckos
  2 orcs
  2 giant cockroaches (D:2)
  8 goblins
  5 hobgoblins
  6 jackals
  7 kobolds
  A quokka (D:6)
  4 bats
  3 frilled lizards
  3 rats
55 creatures vanquished.

Vanquished Creatures (collateral kills)
  An adder (D:5)
1 creature vanquished.

Vanquished Creatures (others)
  Pikel (D:5)
  A worker ant (D:5)
  An adder (D:5)
  An orc (D:6)
4 creatures vanquished.

Grand Total: 60 creatures vanquished

Notes
Turn   | Place    | Note
-------+----------+-------------------------------------------
     0 | D:1      | Chiseanne the Spriggan Monk began the quest for the Orb.
     0 | D:1      | Reached XP level 1. HP: 11/11 MP: 2/2
   557 | D:1      | Reached XP level 2. HP: 16/16 MP: 3/3
   678 | D:1      | Reached skill level 5 in Dodging
   780 | D:1      | Reached XP level 3. HP: 19/19 MP: 4/4
  1843 | D:4      | Noticed a big kobold
  2172 | D:3      | Reached XP level 4. HP: 24/24 MP: 5/5
  2265 | D:4      | Noticed an ogre
  2289 | D:5      | Entered Level 5 of the Dungeon
  2324 | D:5      | Noticed a slave
  2324 | D:5      | Noticed a slave
  2324 | D:5      | Noticed Pikel
  2344 | D:5      | Noticed a slave
  2344 | D:5      | Noticed a slave
  2380 | D:5      | Reached skill level 1 in Evocations
  2423 | D:5      | Noticed Prince Ribbit
  2686 | D:6      | Reached skill level 6 in Dodging
  2686 | D:6      | Reached XP level 5. HP: 28/28 MP: 7/7
  2792 | D:5      | Killed Pikel
  2812 | D:6      | Found a staircase to the Ecumenical Temple.
  2821 | Temple   | Entered the Ecumenical Temple
  2858 | Temple   | Became a worshipper of Gozag Ym Sagoz the Greedy
  2955 | D:5      | You fall into a shaft and drop 2 floors!
  2969 | D:7      | Noticed a hornet
  2969 | D:7      | Noticed an ogre
  2970 | D:7      | Noticed a two-headed ogre
  2970 | D:7      | Noticed a black bear
  2985 | D:7      | Succumbed to a hornet's poison

Levels and vault maps discovered:
D:1:      nicolae_arrival_somewhat_less_tricky_arrival, layout_basic
D:2:      layout_basic
D:3:      minmay_door_path, layout_loops_ring
D:4:      layout_rooms, cheibrodos_ashenzari_chains, first_ration,
          serial_bayou_pond_c, kennysheep_generic_room_7,
          uniq_crazy_yiuf_cottage
D:5:      layout_loops_cross, makhleb_heckhound_becter, uniq_pikel,
          uniq_prince_ribbit1
D:6:      layout_loops_ring, temple_fountains
D:7:      minmay_the_grid_four_pointed_star
          [minmay_the_grid_triangle_9x9_subtriangle,
          minmay_the_grid_triangle_9x9_skeleton,
          minmay_the_grid_triangle_9x9_flanged_cone,
          minmay_the_grid_triangle_9x9_steps, minmay_the_grid_prize_trominoes],
          layout_basic, serial_shops, nicolae_shop_waterfront, grunt_livestock,
          nrook_loot_triangle, minmay_manual_mullet
Temple:   grunt_wide_crystal_templ

Skill      XL: |  1  2  3  4 |
---------------+-------------+-----
Dodging        | 5 6 |  6.3
Fighting       | 3 |  3.5
Evocations     | 2 |  2.2
Short Blades   | |  3.2
Stealth        | |  3.9

Action                   |  1- 3 |  4- 6 || total
-------------------------+-------+-------++-------
Melee: Short sword       |   104 |       ||   104
       Dagger            |    73 |    53 ||   126
Evoke: Wand              |       |     8 ||     8
  Use: Scroll            |     8 |     2 ||    10
 Stab: Sleeping          |     8 |     1 ||     9
Armor: Robe              |     5 |     5 ||    10
Dodge: Dodged            |   136 |    45 ||   181

Table legend:
 A = Non-vault XP
 B = Vault XP
 C = Vault XP percentage of total XP
 D = Non-vault monster count
 E = Vault monster count
 F = Vault count percentage of total count
                 A         B        C        D         E       F
            +---------+---------+-------+---------+---------+-------
      Total |     217 |      18 |   7.7 |      53 |       3 |   5.4
            +---------+---------+-------+---------+---------+-------
        D:1 |      45 |       0 |   0.0 |      23 |       0 |   0.0
        D:2 |      28 |       0 |   0.0 |      14 |       0 |   0.0
        D:3 |       7 |      18 |  72.0 |       4 |       3 |  42.9
        D:4 |       6 |       0 |   0.0 |       2 |       0 |   0.0
        D:5 |      15 |       0 |   0.0 |       4 |       0 |   0.0
        D:6 |     102 |       0 |   0.0 |       5 |       0 |   0.0
        D:7 |      14 |       0 |   0.0 |       1 |       0 |   0.0
            +---------+---------+-------+---------+---------+-------
